 Dungeon Crawl Stone Soup version 0.28.0 (webtiles) character file.

Game seed: 14020206333736434925

37 Illumine the Sneak (level 3, -1/24 HPs)
             Began as a Mummy Enchanter on Feb 9, 2022.
             Slain by Terence (6 damage)
             ... on level 1 of the Dungeon.
             The game lasted 00:03:20 (1260 turns).

Illumine the Sneak (Mummy Enchanter)                Turns: 1260, Time: 00:03:20

Health: -1/24      AC:  2    Str: 11    XL:     3   Next: 21%
Magic:  7/7        EV: 12    Int: 16    God:
Gold:   33         SH:  0    Dex: 12    Spells: 5/7 levels left

rFire   x . .      SeeInvis +   c - +0 dagger (flame)
rCold   + . .      Faith    .   (no shield)
rNeg    + + +      Spirit   .   b - +0 robe
rPois   ∞          Reflect  .   (no helmet)
rElec   .          Harm     .   (no cloak)
rCorr   .          Rampage  .   (no gloves)
Will    .....                   (no boots)
Stlth   ++........              (no amulet)
HPRegen 0.08/turn               a - ring of see invisible
MPRegen 0.10/turn               (no ring)

@: no status effects
A: cold resistance 1, negative energy resistance 3, torment resistance 2, heat
vulnerability 1, no potions
a: no special abilities


You were on level 1 of the Dungeon.
You visited 1 branch of the dungeon, and saw 2 of its levels.

You collected 33 gold pieces.

Inventory:

Hand Weapons
 c - a +0 dagger of flaming (weapon)
Armour
 b - a +0 robe (worn)
Jewellery
 a - a ring of see invisible (left hand)


   Skills:
 + Level 1.6 Short Blades
 - Level 1.5 Dodging
 + Level 3.0 Stealth
 - Level 2.6 Spellcasting
 + Level 2.9 Hexes
 + Level 0.2 Ice Magic


You had 5 spell levels left.
You knew the following spells:

 Your Spells              Type           Power      Damage    Failure   Level
a - Ensorcelled Hibernat  Hex/Ice        14%        N/A       16%         2

Your spell library contained the following spells:

 Spells                   Type           Power      Damage    Failure   Level
 Confusing Touch          Hex            11%        N/A       17%         3
 Tukima's Dance           Hex            11%        N/A       17%         3
 Dazzling Flash           Conj/Hex       12%        N/A       32%         3


Dungeon Overview and Level Annotations

Branches:
Dungeon (2/15)

Altars:

Shops:
D:1 [

Annotations:
D:1 Terence


Innate Abilities, Weirdness & Mutations

You are immune to poison.
Your flesh is cold resistant. (rC+)
You are immune to negative energy. (rN+++)
You are immune to unholy pain and torment.
You are vulnerable to heat. (rF-)
You do not drink.


Message History

You puncture the quokka! You burn the quokka.
You kill the quokka!
You start resting.
Magic restored.
HP restored.
Done exploring.
There is a stone staircase leading down here.
You climb downwards.
Terence shouts!
The ball python hisses angrily.
The ball python bites you. The ball python misses you.
The ball python bites you. The ball python grabs you.
The ball python constricts you.
Found a book of Death and a ring mail.
Found a stone staircase leading down.
There is a stone staircase leading up here.
You escape the ball python's grasp.
The ball python closely misses you. The ball python grabs you.
You stop ascending the stairs.
The ball python constricts you.
Unknown command.
You escape the ball python's grasp.
The ball python misses you. The ball python grabs you.
You stop ascending the stairs.
The ball python constricts you.
Unknown command.
You escape the ball python's grasp.
Terence hits you with a +0 hand axe! The rat misses you.
You climb upwards.
There is a stone staircase leading down here.
Unknown command.
The ball python bites you. The ball python grabs you.
The ball python constricts you.
Terence drinks a potion.
Terence seems to speed up.
The rat bites you.
* * * LOW HITPOINT WARNING * * *
The ball python barely misses you. The ball python constricts you.
* * * LOW HITPOINT WARNING * * *
You aren't carrying any scrolls.
Unknown command.
You escape the ball python's grasp.
The rat bites you but does no damage. Terence closely misses you.
Terence hits you with a +0 hand axe.
You die...

####### ##### #.....# ....#
#.....# ....# ######.....# ....##
####..........# #######
.....#####.......#.....####......
.###......................#......
.............S####.....##........
..............r@@...........†....
......#......##############......
.##...#...>.## #....# #......
##..#.......## #....# #......
##.###.......###....# #######
..............##....#
##########..........#
.[.'....♣#..........#####
...####'##......#.###...##


You could see Terence (fast), a ball python and a rat.

Vanquished Creatures
  A dart slug (D:1)
  2 bats
  3 endoplasms (D:1)
  4 giant cockroaches
  A goblin (D:2)
  3 hobgoblins
  3 jackals (D:1)
  2 kobolds
  4 quokkas
  A ball python (D:1)
  2 frilled lizards (D:1)
  3 rats (D:1)
29 creatures vanquished.

Notes
Turn   | Place    | Note
-------+----------+-------------------------------------------
     0 | D:1      | Illumine the Mummy Enchanter began the quest for the Orb.
     0 | D:1      | Reached XP level 1. HP: 13/13 MP: 4/4
    96 | D:1      | Reached skill level 1 in Short Blades
   400 | D:1      | Reached XP level 2. HP: 13/19 MP: 5/5
   405 | D:1      | Learned a level 2 spell: Ensorcelled Hibernation
   644 | D:1      | Found Yclay's Antique Armour Emporium.
  1149 | D:2      | Reached XP level 3. HP: 24/24 MP: 7/7
  1154 | D:2      | Reached skill level 3 in Stealth
  1250 | D:2      | Noticed Terence
  1260 | D:1      | Slain by Terence

Illustrated notes

Levels and vault maps discovered:
D:1:      scummos_arrival_gate, layout_rooms, serial_shops, shop
D:2:      layout_rooms, minmay_stone_trees_medium, st_stairs_11,
          minmay_strange_pillars, minivault_5, minmay_misc_feat_rows,
          kennysheep_generic_room_12, uniq_terence

Skill      XL: |  1  2  3 |
---------------+----------+-----
Short Blades   | 1 |  1.6
Stealth        | 3 |  3.0
Dodging        | |  1.5
Spellcasting   | |  2.6
Hexes          | |  2.9
Ice Magic      | |  0.2

Action                   || total
-------------------------++-------
Melee: Dagger            ||    83
 Cast: Ensorcelled Hiber ||    13
 Stab: Sleeping          ||    15
Armor: Robe              ||    15
Dodge: Dodged            ||    50
